 Dungeon Crawl Stone Soup version 0.30-a0-989-g0d87f670db (webtiles) character file.

Game seed: 11278511027426612080

532 Dordric the Slasher (level 7, 0/51 HPs)
             Began as a Barachi Warper on Apr 1, 2023.
             Was an Initiate of Okawaru.
             Slain by a gnoll
             ... wielding a +0 flail
             ... led by a gnoll sergeant
              (8 damage)
             ... on level 4 of the Dungeon on Apr 3, 2023.
             The game lasted 00:07:56 (3680 turns).

Dordric the Slasher (Barachi Warper)                Turns: 3680, Time: 00:07:57

Health: 0/51       AC:  9    Str: 12    XL:     7   Next: 24%
Magic:  0/10       EV: 12    Int: 13    God:    Okawaru [......]
Gold:   201        SH:  0    Dex: 14    Spells: 5/10 levels left

rFire   x . .      SeeInvis +    g - +1 long sword
rCold   . . .      Faith    .    (no shield)
rNeg    + + .      Spirit   +    b - +0 leather armour
rPois   .          Reflect  .    (no helmet)
rElec   .          Rampage  .    (no cloak)
rCorr   +                        y - +2 pair of gloves
Will    .....                    m - +2 pair of boots
Stlth   +                        r - amulet of guardian spirit
HPRegen 0.28/turn                n - ring of Nuorun {rF- rN++ rCorr SInv}
MPRegen 0.12/turn                (no ring)

@: unable to hop, slow
A: amphibious, slowness 1, strong legs 1, +LOS
a: Hop, Renounce Religion


You were on level 4 of the Dungeon.
You worshipped Okawaru.
Okawaru was noncommittal.
You visited 1 branch of the dungeon, and saw 4 of its levels.
You also visited: Ossuary.

You collected 201 gold pieces.

Inventory:

Hand Weapons
 a - a +0 falchion
 g - a +1 long sword (weapon)
Missiles
 d - 7 boomerangs of dispersal (quivered)
Armour
 b - a +0 leather armour (worn)
 i - a +0 pair of gloves
 m - a +2 pair of boots (worn)
 o - a +0 ring mail
 y - a +2 pair of gloves (worn)
Jewellery
 n - the ring of Nuorun (left hand) {rF- rN++ rCorr SInv}
   (You found it on level 2 of the Dungeon)

   [ring of resist corrosion]

   rF:        It makes you vulnerable to fire.
   rN:        It greatly protects you from negative energy.
   SInv:      It lets you see invisible.
   rCorr:     It protects you from acid and corrosion.
 r - an amulet of guardian spirit (around neck)
 t - a ring of protection from cold
Scrolls
 c - 2 scrolls of blinking
 e - a scroll of vulnerability
 h - a scroll of enchant weapon
 j - a scroll of immolation
 k - a scroll of noise
 l - 2 scrolls of fog
 p - 2 scrolls of enchant armour
 q - a scroll of teleportation
 s - a scroll of magic mapping
Potions
 f - 2 potions of curing
 u - a potion of flight
 z - 2 potions of haste


   Skills:
 - Level 2.4 Fighting
 + Level 6.7 Long Blades
 - Level 1.0 Throwing
 - Level 1.2 Armour
 - Level 2.1 Dodging
 - Level 2.1 Spellcasting
 + Level 6.6 Translocations


You had 5 spell levels left.
You knew the following spells:

 Your Spells              Type           Power      Damage    Failure   Level
a - Blink                 Tloc           36%        N/A       3%          2
b - Vhi's Electric Charg  Tloc/Air       20%        N/A       24%         3

Your spell library contained the following spells:

 Spells                   Type           Power      Damage    Failure   Level
 Lesser Beckoning         Tloc           36%        N/A       3%          2
 Teleport Other           Tloc           18%        N/A       6%          3
 Manifold Assault         Tloc           18%        N/A       21%         4
 Kindle Blastsparks       Fire/Tloc/Air  14%        2d11      36%         3
 Ignite Poison            Fire/Tmut/Pois 1%         N/A       67%         3
 Ozocubu's Armour         Ice            1%         N/A       67%         3
 Freezing Cloud           Conj/Ice/Air   0%         6-21      100%        5
 Ozocubu's Refrigeration  Ice            0%         4d7       100%        7


Dungeon Overview and Level Annotations

Branches:
Dungeon (4/15)            Ossuary (visited)
 Temple: D:4-7

Altars:
Ashenzari
Gozag
Hepliaklqana
Makhleb
Okawaru
Ru
Trog
Uskayaw
Vehumet


Innate Abilities, Weirdness & Mutations

You are amphibious.
You cover ground slowly.
You can hop short distances.
You have an extended range of vision and can be seen from far away.


Message History

* * * LOW HITPOINT WARNING * * *
The gnoll hits you with a +0 club.
* * * LOW HITPOINT WARNING * * *
Hop to where?
Press: ? - help, Dir - move target Boing!
Casting: Vhi's Electric Charge (dangerous; 24% risk of failure)
Confirm with . or Enter, or press ? or * to list all spells.
You don't have enough magic to cast this spell.
The gnoll hits you but does no damage. The gnoll attacks as you move away!
The gnoll closely misses you. The gnoll hits you but does no damage.
You hit the gnoll.
The gnoll is moderately wounded.
The gnoll hits you but does no damage.
You hit the gnoll.
The gnoll is heavily wounded.
The gnoll hits you with a +0 club.
* * * LOW HITPOINT WARNING * * *
You closely miss the gnoll.
The gnoll is heavily wounded.
The gnoll hits you but does no damage.
You slash the gnoll!
You kill the gnoll!
Okawaru accepts your kill.
You hit the gnoll.
The gnoll is moderately wounded.
The gnoll closely misses you.
You hit the gnoll.
The gnoll is severely wounded.
The gnoll barely misses you.
You slash the gnoll!
You kill the gnoll!
Okawaru accepts your kill.
You closely miss the gnoll. The gnoll misses you.
You barely miss the gnoll. The gnoll misses you.
You slash the gnoll!
The gnoll is severely wounded.
The gnoll hits you with a +0 flail!
You die...

...#.....#.....##...........##
.........###.####..#.).).#...#
.#######.# #.# #.##.._..##..#
.# #.# #.# #..#.).).#...# .#
#.# #.# ##..........).# .# #.#
#.# #.....###...#.# .# #.# #.#
##.....#...##g# .# #.#
#.#####.......##..# .#######.#
#....@gg.........## .........#
####.###..##.###.#
##..###..######. #.###.# #.#
##.............. ..#. ..# #.
....##...# #.###### ##### #.
.#.###...# #.# ....##...# #.#
.........###.######.#
....................#


You could see 2 gnolls.

Vanquished Creatures
  Menkaure (Ossuary)
  A black bear (D:4)
  A gnoll sergeant (D:4)
  3 mummies (Ossuary)
  6 gnolls
  7 adders
  2 worms (D:2)
  2 dart slugs
  6 ball pythons
  5 bats (D:2)
  5 endoplasms
  A giant cockroach (D:2)
  6 goblins
  5 hobgoblins
  7 quokkas
  3 frilled lizards
  2 gnoll skeletons (Ossuary)
  4 gnoll zombies (Ossuary)
  2 goblin skeletons (Ossuary)
  3 goblin zombies (Ossuary)
  4 hobgoblin skeletons (Ossuary)
  4 hobgoblin zombies (Ossuary)
  A kobold (D:1)
  6 kobold skeletons (Ossuary)
  4 kobold zombies (Ossuary)
  4 orc skeletons (Ossuary)
  4 orc zombies (Ossuary)
  5 rats
  7 rat skeletons (Ossuary)
  6 rat zombies (Ossuary)
117 creatures vanquished.

Notes
Turn   | Place    | Note
-------+----------+-------------------------------------------
     0 | D:1      | Dordric the Barachi Warper began the quest for the Orb.
     0 | D:1      | Reached XP level 1. HP: 17/17 MP: 3/3
   205 | D:1      | Reached XP level 2. HP: 23/23 MP: 5/5
   837 | D:2      | Reached XP level 3. HP: 28/28 MP: 6/6
   881 | D:2      | Learned a level 2 spell: Blink
  1056 | D:2      | Identified the ring of Nuorun {rF- rN++ rCorr SInv}
  1449 | D:2      | Reached XP level 4. HP: 34/34 MP: 7/7
  1535 | D:3      | Found a hazy altar of Hepliaklqana.
  1681 | D:2      | Upgraded the game from 0.30-a0-986-g7f2e898f52 to
                  | 0.30-a0-989-g0d87f670db
  1769 | D:3      | Learned a level 3 spell: Vhi's Electric Charge
  1850 | D:3      | Found an opulent altar of Gozag.
  1850 | D:3      | Found a sacrificial altar of Ru.
  1850 | D:3      | Found a bloodstained altar of Trog.
  1914 | D:3      | Reached XP level 5. HP: 39/39 MP: 8/8
  2130 | D:3      | Found a burning altar of Makhleb.
  2132 | D:3      | Found a broken altar of Ashenzari.
  2132 | D:3      | Found a hide-covered altar of Uskayaw.
  2139 | D:3      | Found a radiant altar of Vehumet.
  2321 | D:3      | Reached skill level 5 in Translocations
  2377 | D:4      | Noticed a black bear
  2753 | D:4      | Found a sand-covered staircase.
  2806 | Ossuary  | Entered an ossuary
  2958 | Ossuary  | Reached skill level 5 in Long Blades
  3213 | Ossuary  | Noticed Menkaure
  3225 | Ossuary  | Killed Menkaure
  3226 | Ossuary  | Reached XP level 6. HP: 13/46 MP: 2/9
  3537 | D:4      | Killed a black bear
  3538 | D:4      | Reached XP level 7. HP: 44/51 MP: 7/10
  3628 | D:4      | Found an iron altar of Okawaru.
  3637 | D:4      | Became a worshipper of Warmaster Okawaru
  3680 | D:4      | Slain by a gnoll

Illustrated notes

Levels and vault maps discovered:
D:1:      lemuel_arrival_river_passageway, layout_basic
D:2:      layout_loops_ring
D:3:      layout_loops_ring, grunt_temple_overflow_open,
          dreamdust_mushroom_princess
D:4:      layout_loops_ring, okawaru_ov_weapons_minmay,
          nicolae_ossuary_entry_false_entrances

Skill      XL: |  1  2  3  4  5  6 |
---------------+-------------------+-----
Long Blades    | 3 4 5 6 |  6.7
Translocations | 4 5 6 |  6.6
Fighting       | |  2.4
Throwing       | |  1.0
Armour         | |  1.2
Dodging        | |  2.1
Spellcasting   | |  2.1

Action                     |  1- 3 |  4- 6 |  7- 9 || total
---------------------------+-------+-------+-------++-------
  Melee: Falchion          |    25 |       |       ||    25
         Long sword        |   111 |   236 |    31 ||   378
         Punch             |       |     1 |     1 ||     2
   Cast: Blink             |       |     1 |       ||     1
         Vhi's Electric Ch |       |       |     1 ||     1
Ability: Hop               |       |     2 |     1 ||     3
    Use: Scroll            |       |    10 |       ||    10
         Potion            |       |     5 |       ||     5
 Armour: Leather armour    |    40 |    78 |     9 ||   127
         Ring mail         |    30 |    13 |       ||    43
  Dodge: Dodged            |    85 |   154 |    20 ||   259

Table legend: (Time is in decaauts)
 A = Elapsed time spent in this place.
 B = Non-inter-level travel time spent in this place.
 C = Inter-level travel time spent in this place.
 D = Time resting spent in this place.
 E = Time spent auto-exploring this place.
 F = Levels seen in this place.
 G = Mean time per level.
                   A        B        C        D        E       F      G
               +--------+--------+--------+--------+--------+-----+--------+
         Total |   4198 |   4061 |    137 |    267 |   2586 |   5 |  839.6 |
       Dungeon |   3463 |   3326 |    137 |    262 |   2219 |   4 |  865.8 |
       Ossuary |    735 |    735 |      0 |      5 |    366 |   1 |  735.0 |
               +--------+--------+--------+--------+--------+-----+--------+

Top non-repeatable levels by time:
     D:3: 1214 daAuts
     D:2: 1027 daAuts
     D:1: 861 daAuts
 Ossuary: 735 daAuts
     D:4: 358 daAuts
